 Dungeon Crawl Stone Soup version 0.23.2-30-g0e89c35 (webtiles) character file.

Game seed: 12903954708618848961

2442 Fang the Skirmisher (level 9, -2/87 HPs)
             Began as a Gargoyle Berserker on June 12, 2019.
             Was an Elder of Trog.
             Slain by a killer bee (4 damage)
             ... on level 6 of the Dungeon.
             The game lasted 00:05:04 (5130 turns).

Fang the Skirmisher (Gargoyle Berserker)            Turns: 5130, Time: 00:05:05

Health: -2/87      AC: 20    Str: 30    XL:     9   Next: 49%
Magic:  9/9        EV: 11    Int:  7    God:    Trog [****..]
Gold:   414        SH:  0    Dex:  9    Spells: 8/8 levels left

rFire    . . .     SeeInvis .   a - +0 war axe
rCold    . . .     Gourm    .   (no shield)
rNeg     + . .     Faith    .   b - +0 chain mail
rPois    ∞         Spirit   .   (no helmet)
rElec    +         Reflect  .   (no cloak)
rCorr    .         Harm     .   (no gloves)
MR       .....                  g - +2 pair of boots
Stlth    ..........             (no amulet)
HPRegen  0.24/turn              i - ring of attention (curse)
MPRegen  0.11/turn              (no ring)

@: berserking, very quick
A: negative energy resistance 1, electricity resistance, unbreathing,
petrification resistance, rot immunity, AC +6
a: Berserk, Trog's Hand, Brothers in Arms, Renounce Religion


You were on level 6 of the Dungeon.
You worshipped Trog.
Trog was greatly pleased with you.
You were near starving.

You visited 2 branches of the dungeon, and saw 8 of its levels.

You collected 414 gold pieces.

Inventory:

Hand Weapons
 a - a +0 war axe (weapon)
Armour
 b - a +0 chain mail (worn)
 g - a +2 pair of boots (worn)
Jewellery
 i - a cursed ring of attention (left hand)
Wands
 n - a wand of random effects (25)
 u - a wand of acid (13)
 y - a wand of paralysis (5)
Scrolls
 d - a scroll of random uselessness {unknown}
 f - 3 scrolls of fear {unknown}
 j - 4 scrolls of magic mapping {unknown}
 m - 6 scrolls of identify {unknown}
 o - 3 scrolls of enchant armour {unknown}
 p - 3 scrolls of remove curse {unknown}
 q - 2 scrolls of amnesia {unknown}
 r - 4 scrolls of blinking {unknown}
 w - a scroll of noise {unknown}
 B - a scroll of silence {unknown}
Potions
 e - a potion of agility {unknown}
 h - a potion of flight {unknown}
 k - 2 potions of mutation {unknown}
 l - a potion of brilliance {unknown}
 s - 2 potions of degeneration {unknown}
 t - a potion of heal wounds {unknown}
 x - a potion of lignification {unknown}
 z - 2 potions of magic {unknown}
 A - 2 potions of curing {unknown}
Comestibles
 c - 6 rations
 v - 8 chunks of flesh


   Skills:
 + Level 7.6 Fighting
 + Level 6.2 Axes
 + Level 7.1 Armour
 + Level 5.4 Dodging


You had 8 spell levels left.
You didn't know any spells.
Your spell library was empty.

Dungeon Overview and Level Annotations

Branches:
Dungeon (7/15)             Temple (1/1) D:5

Altars:
Cheibriados
Fedhas
Qazlal
Trog
Yredelemnul

Annotations:
D:4 1 runed translucent door


Innate Abilities, Weirdness & Mutations

You are resistant to torment.
Your stone body is resilient. (AC +6)
You are immune to poison.
You resist negative energy. (rN+)
You are resistant to electric shocks. (rElec)
You can survive without breathing.
You are immune to petrification.
You are immune to rotting.


Message History

You miss the killer bee. You closely miss the killer bee. x2
The killer bee closely misses you.
The killer bee stings you but does no damage. x2
You barely miss the killer bee. You closely miss the killer bee.
You miss the killer bee. The killer bee barely misses you.
The killer bee stings you but does no damage. x2
The killer bee misses you.
The killer bee stings you but does no damage.
You closely miss the killer bee. You slash the killer bee!
You hit the killer bee.
The killer bee stings you but does no damage.
The killer bee barely misses you.
The killer bee stings you but does no damage.
The killer bee barely misses you.
You miss the killer bee. You slash the killer bee!
You kill the killer bee!
Trog accepts your kill.
Your chain mail prevents you from hitting the killer bee.
The killer bee stings you.
You die...

#............###.#.###.##########
.)÷.##.#.#####.........).........
.).....#.# #.#.#.###.####......
)#÷###.#.# #.#...# #.# #.#####
.#.# #.#.#####...### #.# #.# #
.#.###.........#.# #.# ##.##
.#.......#####.#.#####.###...####
................y.##.............
.#####.......(..@>.....###...####
.# #..######.#.y##...# ##.## .#
##<.######.#..###.## #.#
.####..........#..###.#####.#
......#.####..........#.....#
...............####...#.#########
#######.###..###).###............
#.# #.##.)....##..#########
#.###....)##......#


You could see 2 killer bees.

Vanquished Creatures
  Sigmund (D:2)
  The ghost of Fang the Skirmisher, an amateur GrBe of Trog (D:4)
  Edmund (D:4)
  An ice beast (D:6)
  A black bear (D:6)
  3 centaurs
  An ogre (D:4)
  A bullfrog (D:6)
  A scorpion (D:7)
  5 killer bees
  3 howler monkeys (D:5)
  4 wights (D:5)
  A centaur zombie (D:5)
  3 crimson imps
  A jelly (D:5)
  3 hounds
  3 orc priests
  2 iguanas (D:6)
  2 worker ants
  6 orc wizards
  2 hound skeletons
  Robin (D:3)
  7 gnolls
  8 adders
  A shadow imp (D:6)
  2 oozes
  An adder skeleton (D:4)
  A worm (D:2)
  2 dart slugs (D:1)
  4 leopard geckos
  21 orcs
  3 ball pythons
  8 bats
  11 giant cockroaches
  9 goblins
  3 hobgoblins
  6 jackals
  5 kobolds
  2 quokkas (D:3)
  4 frilled lizards (D:1)
  A leopard gecko skeleton (D:3)
  A quokka zombie (D:6)
  7 rats
154 creatures vanquished.

Vanquished Creatures (others)
  A worker ant (D:6)
1 creature vanquished.

Grand Total: 155 creatures vanquished

Notes
Turn   | Place    | Note
-------+----------+-------------------------------------------
     0 | D:1      | Fang the Gargoyle Berserker began the quest for the Orb.
     0 | D:1      | Reached XP level 1. HP: 14/14 MP: 1/1
    78 | D:1      | Reached XP level 2. HP: 16/19 MP: 2/2
   793 | D:2      | Reached XP level 3. HP: 22/23 MP: 3/3
   961 | D:2      | Reached ** piety under Trog
  1102 | D:2      | Noticed Sigmund
  1117 | D:2      | HP: 1/24 [something (8)]
  1166 | D:3      | Reached XP level 4. HP: 29/29 MP: 4/4
  1524 | D:2      | Killed Sigmund
  1524 | D:2      | Reached XP level 5. HP: 33/34 MP: 5/5
  1524 | D:2      | Reached XP level 6. HP: 38/39 MP: 6/6
  1692 | D:3      | Noticed Robin
  1699 | D:3      | Killed Robin
  1771 | D:3      | Reached skill level 5 in Fighting
  1920 | D:3      | Reached *** piety under Trog
  2267 | D:4      | Found a runed translucent door.
  2272 | D:4      | Noticed Fang's ghost (amateur GrBe)
  2352 | D:4      | Reached XP level 7. HP: 6/44 MP: 7/7
  2646 | D:4      | Found a runed translucent door.
  2778 | D:4      | Killed Fang's ghost
  2916 | D:4      | Noticed Edmund
  2930 | D:4      | Killed Edmund
  2930 | D:4      | Reached skill level 5 in Armour
  3185 | D:4      | Reached XP level 8. HP: 51/51 MP: 8/8
  3339 | D:5      | Entered Level 5 of the Dungeon
  3372 | D:5      | Reached skill level 5 in Axes
  3651 | D:5      | Found a stormy altar of Qazlal.
  3739 | D:5      | Reached **** piety under Trog
  3760 | D:5      | Found a staircase to the Ecumenical Temple.
  3834 | Temple   | Entered the Ecumenical Temple
  4273 | D:6      | Reached XP level 9. HP: 32/57 MP: 9/9
  4426 | D:6      | Reached skill level 5 in Dodging
  4784 | D:6      | Found a snail-covered altar of Cheibriados.
  4784 | D:6      | Found a blossoming altar of Fedhas.
  4791 | D:6      | Found a bloodstained altar of Trog.
  4793 | D:6      | Found a basalt altar of Yredelemnul.
  4794 | D:6      | Found a faded altar of an unknown god.
  5086 | D:7      | Received a gift from Trog
  5126 | D:6      | HP: 1/85 [killer bee (5)]
  5130 | D:6      | Slain by a killer bee

Skill      XL: |  1  2  3  4  5  6  7  8  9 |
---------------+----------------------------+-----
Axes           | 3 4 5 6 |  6.2
Dodging        | 2 3 4 5 |  5.4
Armour         | 3 4 5 6 7 |  7.1
Fighting       | 4 5 7 |  7.6

Action                   |  1- 3 |  4- 6 |  7- 9 || total
-------------------------+-------+-------+-------++-------
Melee: Hand axe          |   123 |   156 |    64 ||   343
       Unarmed           |       |       |    10 ||    10
       War axe           |       |       |   251 ||   251
Invok: Berserk           |     1 |     4 |     4 ||     9
       Trog's Hand       |     1 |       |       ||     1
  Eat: Chunk             |     1 |     5 |    12 ||    18
       Ration            |       |     1 |       ||     1
Armor: Animal skin       |    25 |       |       ||    25
       Chain mail        |    75 |   137 |   311 ||   523
       Skin              |     2 |       |       ||     2
Dodge: Dodged            |    80 |    85 |   304 ||   469
